 Dungeon Crawl Stone Soup version 0.30-a0-862-g1aabd4f9c5 (webtiles) character file.

Game seed: 7180426476136509978

4195 holysushi the Slicer (level 10, -3/63 HPs)
             Began as an Octopode Monk on Mar 9, 2023.
             Was an Initiate of Gozag.
             Slain by an orc warlord
             ... wielding a +5 broad axe
              (33 damage)
             ... in a bailey.
             The game lasted 00:13:15 (8626 turns).

holysushi the Slicer (Octopode Monk)                Turns: 8626, Time: 00:13:15

Health: -3/63      AC:  1    Str: 11    XL:     10   Next: 29%
Magic:  19/19      EV: 18    Int: 13    God:    Gozag
Gold:   400        SH:  0    Dex: 18    Spells: 9/9 levels left

rFire   . . .      SeeInvis .    o - +2 short sword (speed)
rCold   . . .      Faith    .    (no shield)
rNeg    . . .      Spirit   .    (helmet restricted)
rPois   .          Reflect  .    (no amulet)
rElec   .          Rampage  .    u - ring of flight
rCorr   .                        C - ring of magical power
Will    .....                    (no ring)
Stlth   +++++                    (no ring)
HPRegen 0.30/turn                (no ring)
MPRegen 0.16/turn                (no ring)
                                 (no ring)
                                 (no ring)

@: gold aura, flying
A: almost no armour, amphibious, 8 rings, camouflage 1, gelatinous body 1,
(nimble swimmer 1), tentacles
a: Renounce Religion, Potion Petition, Call Merchant, Bribe Branch


You were in a bailey.
You worshipped Gozag.
Gozag was aware of your devotion.
You visited 2 branches of the dungeon, and saw 9 of its levels.
You also visited: Ossuary and Bailey.

You collected 1124 gold pieces.
You paid 724 gold pieces to Gozag.

Inventory:

Hand Weapons
 a - a +1 short sword
 n - a +0 rapier
 o - a +2 short sword of speed (weapon)
Jewellery
 u - a ring of flight (left tentacle)
 C - a ring of magical power (right tentacle)
Wands
 h - a wand of flame (28)
 i - a wand of roots (1)
 z - a wand of polymorph (1)
Scrolls
 d - 3 scrolls of teleportation
 e - 2 scrolls of poison
 p - 4 scrolls of immolation
 q - 4 scrolls of vulnerability
 s - 2 scrolls of enchant armour
 t - a scroll of fog
 w - a scroll of identify
 y - a scroll of noise
 A - 2 scrolls of fear
 B - a scroll of blinking
Potions
 b - a potion of ambrosia
 c - 2 potions of mutation
 f - 5 potions of curing
 g - 2 potions of cancellation
 j - 4 potions of attraction
 k - a potion of might
 l - 3 potions of lignification
 m - 2 potions of brilliance
 v - a potion of flight
 x - 2 potions of resistance


   Skills:
 - Level 3.0 Fighting
 - Level 10.5 Short Blades
 - Level 8.1 Dodging
 - Level 6.5 Stealth
 + Level 6.6 Evocations


You had 9 spell levels left.
You didn't know any spells.
Your spell library contained the following spells:

 Spells                   Type           Power      Damage    Failure   Level
 Apportation              Tloc           0%         N/A       30%         1
 Stone Arrow              Conj/Erth      0%         3d7       67%         3
 Alistair's Intoxication  Tmut/Pois      0%         N/A       100%        5
 Lehudib's Crystal Spear  Conj/Erth      0%         10d2      100%        8
 Animate Armour           Summ/Erth      Unusable   N/A       N/A         4

Dungeon Overview and Level Annotations

Branches:
Dungeon (8/15) Zot: 26320  Temple (1/1) D:7 Zot: 5863 Ossuary (visited)
 Bailey (1/1) Zot: 5636
   Lair: D:8-11

Altars:
Ashenzari
Cheibriados
Dithmenos
Elyvilon
Fedhas
Gozag
Hepliaklqana
Kikubaaqudgha
Nemelex Xobeh
Okawaru
Qazlal
Ru
Sif Muna
Uskayaw
Vehumet
Wu Jian
Xom
Yredelemnul
Zin
The Shining One

Shops:
D:7 (

Annotations:
D:7 1 runed translucent door, Crazy Yiuf, Psyche


Innate Abilities, Weirdness & Mutations

You cannot wear most types of armour.
You are amphibious.
You can wear up to eight rings at the same time.
Your skin changes colour to match your surroundings (Stealth+).
Your rubbery body absorbs attacks. (AC +1, EV +1)
((You are camouflaged when in or above water. (Stealth+)))
You have tentacles for arms and can constrict up to eight enemies at once.


Message History

You tentacle-slap the orc warlord, but do no damage.
You squeeze the orc warlord!
The orc warlord is heavily wounded.
You constrict the orc warlord, but do no damage.
You puncture the orc warlord! You squeeze the orc warlord.
The orc warlord is severely wounded.
You constrict the orc warlord, but do no damage.
The orc warlord barely misses you.
The orc knight is distracted by your dazzling golden aura.
You hit the orc warlord but do no damage.
The orc warlord is severely wounded.
You constrict the orc warlord, but do no damage.
You completely miss the orc warlord.
The orc warlord is severely wounded.
You constrict the orc warlord, but do no damage.
You barely miss the orc warlord.
You squeeze the orc warlord, but do no damage.
The orc warlord is severely wounded.
You constrict the orc warlord, but do no damage.
The orc warlord closely misses you.
You hit the orc warlord but do no damage.
You squeeze the orc warlord.
The orc warlord is severely wounded.
You constrict the orc warlord, but do no damage.
The orc knight is no longer distracted by gold.
You hit the orc warlord but do no damage.
The orc warlord is severely wounded.
You constrict the orc warlord, but do no damage.
You hit the orc warlord.
You squeeze the orc warlord, but do no damage.
The orc warlord is severely wounded.
You feel a little less mighty now.
You constrict the orc warlord, but do no damage.
You hit the orc warlord but do no damage.
The orc warlord is severely wounded.
You constrict the orc warlord, but do no damage.
The orc warlord hits you with a +5 broad axe!!
Ouch! That really hurt!
You die...
Your body crumbles into a pile of gold.

....... .......
####### ....⌠..
##.....##$......
#......o$$.$..o.
##.....oo##.o$...
#......$$.# .$...
##......o..##


8o88 #.....⌠@....# g## ##....$$.$.## o# #....$....# . ##.......## #.......#
##..$..## ##'#### ##.....## #.......# You could see an orc warlord, an orc
knight (strong), an orc warrior and an orc.

Vanquished Creatures
  An orc knight (Bailey)
  An ugly thing (D:6)
  Maggie (D:7)
  Prince Ribbit (D:7)
  A water moccasin (D:8)
  8 orc warriors
  3 black bears
  An ice beast (D:6)
  2 ogres
  A phantom (D:7)
  5 scorpions
  A bullfrog (D:7)
  A wight (D:4)
  3 howler monkeys (D:7)
  5 hounds
  5 jellies
  3 sleepcaps
  Ijyb (D:3)
  4 iguanas
  2 orc wizards (D:7)
  8 mummies (Ossuary)
  6 gnolls (Bailey)
  7 adders
  2 shadow imps
  An ufetubus (D:6)
  2 worms (D:4)
  4 dart slugs
  22 orcs
  9 ball pythons
  10 endoplasms
  3 giant cockroaches
  14 goblins
  7 hobgoblins
  4 quokkas
  3 bats
  9 frilled lizards
  2 gnoll zombies (Ossuary)
  2 hobgoblin zombies (Ossuary)
  7 kobolds
  2 kobold zombies (Ossuary)
  2 orc zombies (Ossuary)
  6 rats
182 creatures vanquished.

Notes
Turn   | Place    | Note
-------+----------+-------------------------------------------
     0 | D:1      | holysushi the Octopode Monk began the quest for the Orb.
     0 | D:1      | Reached XP level 1. HP: 16/16 MP: 1/1
   136 | D:1      | Reached XP level 2. HP: 20/21 MP: 2/2
   356 | D:1      | Reached skill level 4 in Short Blades
   368 | D:1      | Reached XP level 3. HP: 24/26 MP: 3/3
  1443 | D:3      | Reached XP level 4. HP: 31/31 MP: 4/4
  1455 | D:3      | Found a glowing silver altar of Zin.
  1726 | D:3      | Reached skill level 5 in Short Blades
  1745 | D:3      | Noticed Ijyb
  1749 | D:3      | Found a glowing golden altar of the Shining One.
  1761 | D:3      | Killed Ijyb
  1992 | D:3      | Found an ancient bone altar of Kikubaaqudgha.
  2108 | D:4      | Reached XP level 5. HP: 36/36 MP: 5/5
  2294 | D:4      | Reached skill level 1 in Evocations
  2556 | D:4      | Found an iron altar of Okawaru.
  2861 | D:4      | Noticed a black bear
  2869 | D:4      | Killed a black bear
  2870 | D:4      | Reached skill level 6 in Short Blades
  2870 | D:4      | Reached XP level 6. HP: 28/42 MP: 6/6
  2985 | D:4      | Noticed a black bear
  2994 | D:4      | Killed a black bear
  2995 | D:4      | Reached skill level 7 in Short Blades
  3083 | D:4      | Reached XP level 7. HP: 35/46 MP: 7/7
  3116 | D:4      | Reached skill level 8 in Short Blades
  3537 | D:5      | Entered Level 5 of the Dungeon
  4157 | D:5      | Reached XP level 8. HP: 10/52 MP: 8/8
  4566 | D:5      | Found a snail-covered altar of Cheibriados.
  4566 | D:5      | Found a sparkling altar of Nemelex Xobeh.
  4942 | D:6      | Reached skill level 9 in Short Blades
  4942 | D:6      | Reached skill level 5 in Stealth
  5075 | D:6      | Found a sand-covered staircase.
  5080 | Ossuary  | Entered an ossuary
  5457 | D:6      | Reached skill level 5 in Dodging
  6008 | D:6      | Noticed a red ugly thing
  6024 | D:6      | Killed a red ugly thing
  6025 | D:6      | Reached skill level 10 in Short Blades
  6025 | D:6      | Reached XP level 9. HP: 56/56 MP: 9/9
  6029 | D:6      | Noticed a boulder beetle
  6029 | D:6      | Noticed a two-headed ogre
  6029 | D:6      | Noticed a troll
  6358 | D:7      | Found a staircase to the Ecumenical Temple.
  6637 | Temple   | Entered the Ecumenical Temple
  6758 | Temple   | Became a worshipper of Gozag Ym Sagoz the Greedy
  6832 | D:7      | Found a runed translucent door.
  6833 | D:7      | Noticed Crazy Yiuf
  6993 | D:7      | Identified the +1 shortbow "Hoysud" {flame, rCorr}
  7056 | D:7      | Noticed Prince Ribbit
  7063 | D:7      | Noticed Maggie
  7084 | D:7      | Killed Prince Ribbit
  7508 | D:8      | Noticed Psyche
  7558 | D:7      | Killed Maggie
  8176 | D:8      | Found a flagged portal.
  8190 | Bailey   | Entered a bailey
  8294 | Bailey   | Reached XP level 10. HP: 23/63 MP: 10/10
  8489 | Bailey   | Noticed an orc knight
  8523 | Bailey   | Killed an orc knight
  8524 | Bailey   | Reached skill level 5 in Evocations
  8581 | Bailey   | Noticed an orc warlord
  8586 | Bailey   | Noticed an orc knight
  8626 | Bailey   | Slain by an orc warlord

Illustrated notes

Levels and vault maps discovered:
D:1:      matt_arrival_grand_opening, layout_basic
D:2:      layout_loops_cross, grunt_ministairs_14
D:3:      layout_basic, lemuel_round_altar, mainiacjoe_overflow_cross_hatched,
          zin_statuary, uniq_ijyb
D:4:      minmay_polygon_palace, layout_layer_cave, mainiacjoe_overflow_alcove_4
D:5:      layout_layer_cave, gammafunk_temple_overflow_wave
D:6:      minmay_klotski, layout_loops_corners, enter_ossuary_2,
          minmay_misc_feat_secret_circle, kennysheep_small_spiral,
          hangedman_decor_clover_reticule
D:7:      layout_loops_cross, minmay_temple_entry_antechambers,
          grunt_ministairs_13, uniq_crazy_yiuf_cottage, uniq_prince_ribbit1,
          uniq_maggie
D:8:      layout_rooms, lightli_temple_of_fire, enter_bailey_8, uniq_maurice,
          uniq_psyche
Temple:   jpeg_temple_clearing
Bailey:   bailey_axe_minmay_hex_keep, bailey

Skill      XL: |  1  2  3  4  5  6  7  8  9 10 |
---------------+-------------------------------+-----
Short Blades   | 4 5 6 7 8 10 | 10.5
Evocations     | 2 3 6 |  6.6
Stealth        | 3 5 6 |  6.5
Dodging        | 6 8 |  8.1
Fighting       | |  3.0

Action                     |  1- 3 |  4- 6 |  7- 9 | 10-12 || total
---------------------------+-------+-------+-------+-------++-------
  Melee: Short sword       |    68 |   111 |   287 |    62 ||   528
         Constrict         |    14 |    20 |    54 |    13 ||   101
         Tentacles         |     9 |    33 |    93 |    16 ||   151
         Punch             |       |     1 |     6 |     4 ||    11
 Invoke: Call Merchant     |       |       |     1 |       ||     1
  Evoke: Wand              |       |       |     6 |     5 ||    11
    Use: Scroll            |     7 |     3 |    18 |       ||    28
         Potion            |       |       |    10 |     3 ||    13
   Stab: Sleeping          |    20 |     3 |    19 |       ||    42
         Invisible         |       |       |     3 |       ||     3
         Distracted        |       |       |     1 |     2 ||     3
 Armour: Skin              |     1 |       |     6 |     1 ||     8
  Dodge: Dodged            |    27 |    55 |    94 |    17 ||   193

Table legend: (Time is in decaauts)
 A = Elapsed time spent in this place.
 B = Non-inter-level travel time spent in this place.
 C = Inter-level travel time spent in this place.
 D = Time resting spent in this place.
 E = Time spent auto-exploring this place.
 F = Levels seen in this place.
 G = Mean time per level.
                   A        B        C        D        E       F      G
               +--------+--------+--------+--------+--------+-----+--------+
         Total |   8289 |   7748 |    541 |   1289 |   4801 |  11 |  753.5 |
       Dungeon |   7465 |   6966 |    499 |   1129 |   4498 |   8 |  933.1 |
        Temple |    136 |     95 |     41 |      0 |     82 |   1 |  136.0 |
       Ossuary |    323 |    323 |      0 |      0 |    202 |   1 |  323.0 |
        Bailey |    363 |    363 |      0 |    160 |     19 |   1 |  363.0 |
               +--------+--------+--------+--------+--------+-----+--------+

Top non-repeatable levels by time:
     D:7: 1487 daAuts
     D:5: 1289 daAuts
     D:4: 1287 daAuts
     D:6: 1118 daAuts
     D:3: 754 daAuts
     D:1: 715 daAuts
     D:2: 675 daAuts
  Bailey: 363 daAuts
 Ossuary: 323 daAuts
     D:8: 137 daAuts
  Temple: 136 daAuts
